AoeStats
← RedPhosphoru

Arabia

510206397Analyzed
1v1 RM · 1d ago on Sep 29, 2026· 48m 2s· 2 players
Game mode
Random Map
Map size
Tiny (2 player)
Population
200
Speed
Normal
Resources
Standard
Victory
Conquest
Starting age
Dark Age
Ending age
Imperial Age
RankedLock teamsTeams togetherTeam positionsShared explorationLock speedFull tech treeHidden civsTurbo modeCheats
Victory
Defeat
🇺🇸 Bohemians · United States
2341
+10
🇪🇬 Tupi · Egypt
2204
-10
Ghosty
8:13 Loom
10:18 Feudal Age
14:51 Castle Age
13:13 Double-Bit Axe
16:13 Fletching
18:14 Bodkin Arrow
22:09 Town Watch
28:54 Padded Archer Armor
40:23 Imperial Age
38:26 Scale Mail Armor
38:56 Champi Runner
39:52 Chain Mail Armor
39:53 Champi Warrior
41:00 Squires
43:38 Elite Champi Warrior
45:32 Arson
47:10 Plate Mail Armor
47:58 Forging
RedPhosphoru
10:05 Feudal Age
8:56 Loom
13:49 Castle Age
12:15 Double-Bit Axe
15:15 Bow Saw
24:11 Sanctity
24:01 Redemption
29:51 Imperial Age
28:27 Fervor
30:28 Elite Hussite Wagon
31:38 Wagenburg Tactics
47:30 Wheelbarrow
47:29 Town Watch
Connection lost

Rejoining the realm…

Still unreachable

The connection could not be restored.

Session expired

The server has moved on; the page needs a fresh start.